[Event "*** Titled Tuesday 3|2 Blitz"]
[Site "Chess.com"]
[Date "2017.03.07"]
[Round "3"]
[White "Carolina-moon"]
[Black "Jadeit90"]
[Result "0-1"]
[WhiteElo "2064"]
[BlackElo "2147"]
[TimeControl "180+2"]
[EndTime "13:39:39 PST"]
[Termination "Jadeit90 won by checkmate"]

1. e4 c5 2. Nc3 g6 3. f4 Bg7 4.
Nf3 Nc6 5. Bc4 e6 6. f5 Nge7 7.
fxe6 fxe6 8. O-O O-O 9. d3 d5 10. Bb3 Nd4 11. Bg5 Nxb3 12. axb3 d4 13. Ne2 h6 14.
Bh4 e5 15. Nd2 g5 16. Rxf8+ Qxf8 17. Bg3 Ng6 18. Nc4 b5 19. Na5 Bg4 20. Qd2 Nf4 21. Bxf4 gxf4 22. b4 Rc8 23. bxc5 Qxc5 24. Rc1 Kh7 25.
h3 Bh5 26. Kh2 Qb6 27. Nb3 Qg6 28. Ng1 Qg3+ 29. Kh1 f3 30. gxf3 Bxf3+ 31. Nxf3 Qxf3+ 32. Qg2 Qxg2+ 33. Kxg2 h5 34. c3 Bh6 35. Rc2 Bf4 36. Kh1 Kh6 37. c4 bxc4 38. dxc4 d3 39. Rc3 Rd8 40.
c5 d2 41. Nxd2 Bxd2 42. Rc2 Bb4 43. c6 Bd6 44. Rc4 Rc8 45. b4 Bc7 46. b5 Bb6 47.
Rc2 Kg5 48. Rd2 Kf4 49. Re2 Kf3 50. Re1 Rg8 51. Rc1 Kxe4 52. c7 Rc8 53. Rc6 Rxc7 54. Rxc7 Bxc7 55. Kg2 Kd3 56. Kf1 e4 57. b6 Bxb6 58. h4 e3 59. Ke1 Bc7 60. Kd1 Bg3 61. Kc1 Be5 62. Kd1 e2+ 63. Ke1 Bg3# 0-1

[Event "*** Titled Tuesday 3|2 Blitz"]
[Site "Chess.com"]
[Date "2017.03.07"]
[Round "3"]
[White "DryCounty"]
[Black "afgano29"]
[Result "0-1"]
[WhiteElo "2518"]
[BlackElo "2414"]
[TimeControl "180+2"]
[EndTime "13:39:40 PST"]
[Termination "afgano29 won by resignation"]

1. Nf3 Nf6 2. c4 g6 3. Nc3 d5 4. cxd5 Nxd5 5. e4 Nxc3 6. dxc3 Qxd1+ 7. Kxd1 f6 8. Kc2 e5 9. Be3 Nd7 10. Nd2 Bc5 11. Bxc5 Nxc5 12. b4 Nd7 13. Nc4 Ke7 14. g3 Nb6 15. Na5 Rb8 16. h4 Bd7 17. h5 g5 18. c4 c5 19. a3 Rhc8 20. b5 Be6 21. Kc3 Rd8 22. Be2 Rd4 23. f3 Rc8 24. Nb3 Bxc4 25. Nxd4 exd4+ 26. Kd2 Be6 27. a4 c4 28. a5 Nd7 29. f4 Nc5 30. Ke1 Nxe4 31. fxg5 Nxg5 32. Rd1 Rd8 33. Rh4 d3 34. Bg4 c3 35.
Bxe6 Nf3+ 36. Kf2 Nxh4 37. Bc4 c2 38. Re1+ Kf8 39. Bxd3 Rxd3 40. Rc1 Rf3+ 41. Ke2 Rxg3 42. Rxc2 Rg2+ 43. Kd3 Rxc2 44. Kxc2 Nf5 45. Kd3 Nd6 46. b6 axb6 47. axb6 Nc8 48. Kd4 Nxb6 49. Kc5 Nd7+ 50.
Kd6 Ne5 51. Ke6 Kg7 52. h6+ Kg6 0-1

[Event "*** Titled Tuesday 3|2 Blitz"]
[Site "Chess.com"]
[Date "2017.03.07"]
[Round "3"]
[White "GMBenjaminBok"]
[Black "GM_Splinter"]
[Result "0-1"]
[WhiteElo "2628"]
[BlackElo "2232"]
[TimeControl "180+2"]
[EndTime "13:39:43 PST"]
[Termination "GM_Splinter won on time"]

1. e4 e5 2. Nf3 Nc6 3. Bc4 Bc5 4.
O-O Nf6 5. d3 a6 6. c3 Ba7 7. a4 d6 8. Na3 h6 9. Nc2 Ne7 10. Be3 Ng6 11. Bxa7 Rxa7 12. d4 O-O 13. dxe5 dxe5 14. Qxd8 Rxd8 15. Rfd1 Rxd1+ 16. Rxd1 Bd7 17. Bb3 Ra8 18. Nd2 Bc6 19. Nb4 Be8 20. a5 Rd8 21. f3 Nf4 22. Nc4 Rxd1+ 23. Bxd1 Nd7 24. Kf2 Kf8 25. Ba4 f6 26. g3 Ne6 27. Bxd7 Bxd7 28.
Ne3 Nc5 29. Nbd5 Nd3+ 30. Ke2 Nxb2 31. Nxc7 Na4 32. Kd3 Ke7 33. Kc4 Kd6 34. Ncd5 Nc5 35. h4 Bb5+ 36. Kb4 Bd7 37. h5 Nd3+ 38. Kb3 Ne1 39.
f4 Nd3 0-1

[Event "*** Titled Tuesday 3|2 Blitz"]
[Site "Chess.com"]
[Date "2017.03.07"]
[Round "3"]
[White "Yaacovn"]
[Black "tjallkompall"]
[Result "1-0"]
[WhiteElo "2593"]
[BlackElo "2474"]
[TimeControl "180+2"]
[EndTime "13:39:45 PST"]
[Termination "Yaacovn won by checkmate"]

1. d4 Nf6 2. Nf3 e6 3. c4 Bb4+ 4. Bd2 Qe7 5. g3 Nc6 6. a3 Bxd2+ 7. Qxd2 O-O 8. Bg2 e5 9. dxe5 Nxe5 10. Nxe5 Qxe5 11. O-O d6 12. Nc3 Re8 13. Nd5 Nxd5 14. cxd5 Bf5 15. e3 Be4 16. Bxe4 Qxe4 17. Rac1 Rac8 18. Rfd1 h5 19. Qd4 Qxd4 20. Rxd4 Kf8 21. Rb4 b6 22. Rbc4 Re7 23. Rc6 Rd7 24. e4 Ke7 25. f3 Kd8 26. h3 Re7 27. g4 hxg4 28. hxg4 Re8 29. Kg2 Rh8 30. Kg3 g5 31. b4 a6 32. a4 Kd7 33. a5 bxa5 34. bxa5 Rhg8 35. Rxa6 Ra8 36. Rac6 Rgc8 37. a6 Ra7 38. Rh1 Rg8 39.
Rh7 Ke7 40. Rh5 Kd7 41. Kf2 Ke7 42. Kg2 Kf6 43. Rh1 Ke7 44. Rb1 Kd7 45. Rbc1 Rb8 46. Kg3 Rh8 47. Rb1 Re8 48. Rh1 Rg8 49. f4 gxf4+ 50. Kxf4 Ke7 51. g5 Kd7 52. Rh7 Ke7 53. Kf5 Rf8 54. g6 Ke8 55. g7 Rg8 56. Kf6 Ra8 57.
Rxc7 Rxg7 58. Rh8+ Rg8 59. Rxg8# 1-0

[Event "*** Titled Tuesday 3|2 Blitz"]
[Site "Chess.com"]
[Date "2017.03.07"]
[Round "3"]
[White "Chesstrainer1"]
[Black "filali-oujda"]
[Result "1/2-1/2"]
[WhiteElo "2328"]
[BlackElo "2239"]
[TimeControl "180+2"]
[EndTime "13:39:45 PST"]
[Termination "Game drawn by repetition"]

1. e4 c6 2. d4 d5 3. exd5 cxd5 4.
c4 Nf6 5. Nc3 Nc6 6. Nf3 Bg4 7.
Bg5 e6 8. cxd5 exd5 9. Qe2+ Be7 10. Bxf6 gxf6 11. Qb5 Kf8 12. O-O-O Be6 13. Kb1 a6 14. Qd3 b5 15. Qe3 Rg8 16. Qh6+ Rg7 17. Bd3 Kg8 18.
Rhe1 b4 19. Ne2 b3 20. a3 Qd7 21. Nf4 Bf5 22. Qh5 Bxd3+ 23. Rxd3 Rd8 24. Rde3 Bf8 25. h3 Na5 26. Nh4 Nc4 27. R3e2 Rg5 28. Qf3 Qb5 29. Nh5 Be7 30. Nf5 Bf8 31. Nxf6+ Kh8 32. h4 Rg6 33. Nh5 Re6 34. Nfg3 Nd2+ 35. Rxd2 Rxe1+ 36. Rd1 Rde8 37. Qf6+ Kg8 38. Qg5+ Kh8 39. Qf6+ Kg8 40. Qg5+ Kh8 41.
Qf6+ Kg8 42. Qg5+ Kh8 43. Qf6+ Kg8 44. Qg5+ Kh8 45. Qf6+ 1/2-1/2

[Event "*** Titled Tuesday 3|2 Blitz"]
[Site "Chess.com"]
[Date "2017.03.07"]
[Round "3"]
[White "jncool68"]
[Black "Dlugy"]
[Result "1-0"]
[WhiteElo "2536"]
[BlackElo "2656"]
[TimeControl "180+2"]
[EndTime "13:39:48 PST"]
[Termination "jncool68 won by checkmate"]

1. e4 d5 2. exd5 Qxd5 3. Nc3 Qd6 4. d4 c6 5. Bd3 Nf6 6. Nge2 g6 7. Bf4 Qd8 8. O-O Bg7 9. Qd2 O-O 10. Ne4 Nxe4 11. Bxe4 Nd7 12. c3 e5 13. Bg5 Nf6 14. Bf3 Re8 15.
dxe5 Qxd2 16. Bxd2 Nd7 17. Nd4 Nxe5 18. Bd1 c5 19. Nb5 Nc4 20. Bc1 Re7 21. Bb3 Be6 22. Re1 Rd7 23. Bf4 Rad8 24. Bg5 Rc8 25. Rxe6 fxe6 26.
Bxc4 Kf7 27. Re1 Rc6 28. Nxa7 Rcd6 29. Kf1 Kf8 30. Nb5 Rd1 31. Bxe6 Rxe1+ 32. Kxe1 Rd3 33. Ke2 c4 34. Bxc4 Rd7 35. Be3 Be5 36. h3 Kg7 37. Bd4 Bxd4 38. Nxd4 Kf6 39. a4 Re7+ 40. Kd2 g5 41. b4 h5 42. a5 g4 43. hxg4 hxg4 44. b5 Ke5 45. a6 Rf7 46. f3 g3 47. a7 Rf8 48. b6 Kd6 49. Nb5+ Kc5 50. Nc7 Kxc4 51.
a8=Q Rxa8 52. Nxa8 Kc5 53. f4 Kc4 54. Ke3 Kxc3 55. f5 Kc4 56. f6 Kc5 57. f7 Kc6 58. f8=Q Kd5 59. Qf3+ Kd6 60. Qxb7 Kc5 61. Qc7+ Kb5 62.
b7 Ka6 63. Qb6# 1-0

[Event "*** Titled Tuesday 3|2 Blitz"]
[Site "Chess.com"]
[Date "2017.03.07"]
[Round "3"]
[White "jcibarra"]
[Black "Cayse"]
[Result "1-0"]
[WhiteElo "2669"]
[BlackElo "2547"]
[TimeControl "180+2"]
[EndTime "13:39:55 PST"]
[Termination "jcibarra won on time"]

1. e4 e5 2. Nf3 Nc6 3. Bb5 a6 4.
Bxc6 dxc6 5. O-O Bd6 6. d4 exd4 7. Qxd4 f6 8. Be3 Ne7 9. Nbd2 Be6 10. Qc3 Ng6 11.
Nd4 Qd7 12. f4 Bf7 13. Nf5 O-O 14. Rae1 Rae8 15. h4 Ne7 16. g4 c5 17. Kf2 b5 18.
b3 h5 19. Nxg7 Kxg7 20. g5 Kh7 21. gxf6 Ng6 22. Nf3 Bxf4 23. Qxc5 Re5 24. Nxe5 Bxe5 25. Rg1 Qh3 26. Rxg6 Qxh4+ 27. Ke2 Qh2+ 28. Bf2 Kxg6 29.
Qxf8 Kxf6 30. Rf1 Ke6 31. Qc8+ Ke7 32. Kd1 Bd6 33. Bd4 Qh4 34. Bf6+ Qxf6 35. Rxf6 Kxf6 36. Qxa6 h4 37. Qxb5 Be6 38. Ke2 h3 39. Kf2 h2 40.
Qh5 Bg4 41. Qh8+ Kf7 42. Kg2 Bd1 43. e5 1-0

[Event "*** Titled Tuesday 3|2 Blitz"]
[Site "Chess.com"]
[Date "2017.03.07"]
[Round "3"]
[White "Genghis_K"]
[Black "morphy1984"]
[Result "1/2-1/2"]
[WhiteElo "2709"]
[BlackElo "2490"]
[TimeControl "180+2"]
[EndTime "13:39:59 PST"]
[Termination "Game drawn - insufficient material"]

1. Nf3 f5 2. g3 Nf6 3. Bg2 g6 4. O-O Bg7 5. c4 d6 6. Nc3 O-O 7. d4 Nc6 8. d5 Ne5 9. Nxe5 dxe5 10.
c5 e4 11. Qb3 Kh8 12. Rd1 b6 13. c6 e6 14. Bg5 Qe8 15. Nb5 Nxd5 16. Rxd5 exd5 17. Nxc7 Qxc6 18. Nxa8 Qxa8 19. Rc1 Be6 20. Rc7 Rc8 21. Qc2 h6 22. Bf4 Qb7 23. b3 Rxc7 24.
Bxc7 Qc8 25. Qc6 Kh7 26. Qd6 Qd7 27. e3 Qxd6 28. Bxd6 d4 29. exd4 Bxd4 30. Bb8 b5 31. h4 a5 32. Bf1 a4 33. Bxb5 axb3 34. axb3 Bxb3 35. Bf4 Bf6 36. Be2 g5 37. hxg5 hxg5 38. Be3 Kg6 39. f3 Bd5 40. f4 gxf4 41. gxf4 Kf7 42.
Kf2 Ke6 43. Bc5 Be7 44. Bxe7 Kxe7 45. Ke3 Kf6 46. Bd1 Be6 47. Be2 Bd5 48. Bd1 Bf7 49.
Bc2 Be6 50. Bxe4 fxe4 51. Kxe4 Bd5+ 52. Kxd5 Kf5 53. Kd4 Kxf4 1/2-1/2

[Event "*** Titled Tuesday 3|2 Blitz"]
[Site "Chess.com"]
[Date "2017.03.07"]
[Round "3"]
[White "Generalas"]
[Black "CM_Perligero"]
[Result "0-1"]
[WhiteElo "2175"]
[BlackElo "2132"]
[TimeControl "180+2"]
[EndTime "13:40:00 PST"]
[Termination "CM_Perligero won by checkmate"]

1. e4 d5 2. exd5 Qxd5 3. Nf3 Bg4 4. Be2 Nf6 5. O-O e6 6. h3 Bh5 7. d4 Nc6 8. c4 Qd8 9. Nc3 Be7 10. Be3 O-O 11. a3 Qd7 12. d5 exd5 13. cxd5 Bxf3 14. Bxf3 Ne5 15. Bf4 Ng6 16. Bh2 Rad8 17. Qb3 b6 18.
Rad1 Nh4 19. Be2 Bd6 20. Bb5 Bxh2+ 21. Kxh2 Qd6+ 22. Kg1 Qe5 23. Qc4 Qg5 24. g3 Nf3+ 25. Kg2 Nd2 26. f4 Nxc4 27. fxg5 Ne3+ 28. Kf3 Nxd1 29.
Rxd1 Ne8 30. Ne4 Nd6 31. Bc6 f6 32. gxf6 Nxe4 33. Kxe4 Rxf6 34. Rd4 Rf1 35. Ra4 a5 36. b4 Re1+ 37. Kf3 Rf8+ 38. Kg2 axb4 39. axb4 Rb1 40. h4 Rb2+ 41. Kh3 h5 42. b5 Rff2 43. g4 Rb3# 0-1

[Event "*** Titled Tuesday 3|2 Blitz"]
[Site "Chess.com"]
[Date "2017.03.07"]
[Round "3"]
[White "MateusViageiro"]
[Black "bilelou"]
[Result "1-0"]
[WhiteElo "2232"]
[BlackElo "2316"]
[TimeControl "180+2"]
[EndTime "13:40:03 PST"]
[Termination "MateusViageiro won by checkmate"]

1. Nf3 d5 2. d4 e6 3. g3 Nf6 4. Bg2 b5 5. O-O Be7 6. a4 b4 7. c3 a5 8. cxb4 Bxb4 9. Bd2 Na6 10. Ne5 Qd6 11. Nc3 c6 12. Bf4 Nh5 13. Nxf7 Qf8 14. Nxh8 Nxf4 15. gxf4 Qxf4 16. e3 Qh4 17. Qf3 Bd6 18. Qf7+ Kd8 19. f4 Bd7 20. Qxg7 Kc7 21.
Nf7 Be7 22. Rac1 Bf6 23. Qg3 Qh6 24. Ne5 Be8 25. Nb5+ Kb6 26. Nd6 Nb4 27. Nxe8 Rxe8 28. Rc3 Bh4 29. Qf3 Bf6 30. Nd7+ Kb7 31. Rfc1 Rg8 32.
Nxf6 Qxf6 33. Kh1 Rg6 34. e4 Rh6 35. exd5 exd5 36. f5 Qxd4 37. Qg3 Rf6 38. Qg7+ Kb6 39. Qh8 Kb7 40. Qxh7+ Kb6 41. Qh8 Kb7 42. Rh3 Kc7 43.
Rh7+ Kd6 44. Qb8# 1-0

[Event "*** Titled Tuesday 3|2 Blitz"]
[Site "Chess.com"]
[Date "2017.03.07"]
[Round "3"]
[White "Mepetmepe"]
[Black "VMikhalevski"]
[Result "0-1"]
[WhiteElo "2336"]
[BlackElo "2538"]
[TimeControl "180+2"]
[EndTime "13:40:06 PST"]
[Termination "VMikhalevski won on time"]

1. Nf3 Nf6 2. c4 g6 3. Nc3 d5 4.
d4 Bg7 5. Bg5 Ne4 6. Bh4 Nxc3 7.
bxc3 dxc4 8. e3 Be6 9. Qb1 b6 10. Ng5 Bd5 11. e4 h6 12. Nf3 Be6 13. Qc2 c6 14. Nd2 b5 15. a4 O-O 16. axb5 cxb5 17. Be2 a6 18. O-O Ra7 19. f4 f5 20.
Nf3 fxe4 21. Ne5 Kh7 22. Qxe4 Bf5 23. Qe3 Bf6 24. Bf2 h5 25. h3 h4 26. Ng4 Bxg4 27.
hxg4 Nd7 28. g5 Bg7 29. Bxh4 Nb6 30. Bf3 Nd5 31. Bxd5 Qxd5 32. Bg3 b4 33. Bf2 b3 34.
Kh2 a5 35. Kg3 a4 36. Ra3 Kg8 37. Rfa1 Rb8 38. Rb1 b2 39. Kh4 Rb3 40. Rxb3 cxb3 41. Rxb2 a3 42. c4 Qxc4 43. Re2 a2 0-1

[Event "*** Titled Tuesday 3|2 Blitz"]
[Site "Chess.com"]
[Date "2017.03.07"]
[Round "3"]
[White "swayamsm"]
[Black "Blitzstream"]
[Result "0-1"]
[WhiteElo "2434"]
[BlackElo "2500"]
[TimeControl "180+2"]
[EndTime "13:40:09 PST"]
[Termination "Blitzstream won by resignation"]

1. d4 Nf6 2. c4 c6 3. Nc3 d5 4.
Nf3 e6 5. Bg5 h6 6. Bxf6 Qxf6 7.
e3 Bd6 8. Bd3 O-O 9. O-O dxc4 10.
Bxc4 Nd7 11. Ne4 Qe7 12. Nxd6 Qxd6 13. Rc1 b6 14. Qc2 Bb7 15. Rfd1 Rfd8 16. a3 a5 17. Bd3 Rac8 18. Be4 Nf6 19. Ne5 Nxe4 20. Qxe4 Qd5 21.
Qxd5 cxd5 22. Kf1 f6 23. Nf3 Kf7 24. Ke2 Ke7 25. Kd2 Kd6 26. Rc3 Rc6 27. Rxc6+ Bxc6 28. Rc1 g5 29. Ne1 h5 30. f4 Rg8 31. fxg5 Rxg5 32. g3 e5 33. dxe5+ fxe5 34. Nd3 Rf5 35. Re1 Bb5 36. e4 Rf3 37. Re3 dxe4 38. Rxf3 exf3 39.
Nf2 Kc5 40. Ke3 Kc4 41. h4 Kb3 42. g4 hxg4 43. Nxg4 Be8 44. Nxe5 b5 45. Nd3 Bg6 46. Nf4 Bh7 47. Nd5 Kxb2 48. Nc7 Kxa3 49. Nxb5+ Kb4 50. Nd4 a4 51. Nxf3 a3 52. Ne5 a2 53. Nc6+ Kc3 0-1

[Event "*** Titled Tuesday 3|2 Blitz"]
[Site "Chess.com"]
[Date "2017.03.07"]
[Round "3"]
[White "arna"]
[Black "GMMelik"]
[Result "1-0"]
[WhiteElo "2267"]
[BlackElo "2402"]
[TimeControl "180+2"]
[EndTime "13:40:13 PST"]
[Termination "arna won by resignation"]

1. e4 e5 2. Nf3 Nc6 3. d4 exd4 4.
Nxd4 Nf6 5. Nc3 Bb4 6. Nxc6 bxc6 7. Bd3 d5 8. exd5 Qe7+ 9. Qe2 Qxe2+ 10. Kxe2 Nxd5 11.
Ne4 O-O 12. c3 Be7 13. Ng3 f5 14. Bd2 Rb8 15. b3 g6 16. Kd1 Bd6 17. Kc2 Nf4 18. Bc4+ Kg7 19. Be3 c5 20. Rhg1 Bb7 21. f3 Rfe8 22.
Rae1 a5 23. a4 Kf6 24. Bb5 Re7 25. Bd2 Rxe1 26. Bxe1 Bd5 27. c4 Ba8 28. Bxa5 c6 29.
Bc3+ Be5 30. Ba6 Bxc3 31. Kxc3 Rd8 32. Re1 Nxg2 33. Re2 Nf4 34. Rd2 Rxd2 35. Kxd2 Ke5 36. Bc8 Kd6 37. Ke3 Ng2+ 38. Kf2 Nf4 39. Ke3 Ng2+ 40.
Kf2 Nh4 41. Ne2 Kc7 42. Be6 Bb7 43. f4 Kd6 44. Bg8 Ke7 45. Kg3 g5 46. fxg5 Ng6 47. Bxh7 Ne5 48. Bxf5 Nf7 49. h4 Nd6 50. Bd3 Bc8 51.
Nf4 Bf5 52. h5 Bxd3 53. Nxd3 Ke6 54. Kf4 Ke7 55. a5 1-0

[Event "*** Titled Tuesday 3|2 Blitz"]
[Site "Chess.com"]
[Date "2017.03.07"]
[Round "3"]
[White "GrigorGrigorov"]
[Black "TheCount"]
[Result "1-0"]
[WhiteElo "2572"]
[BlackElo "2566"]
[TimeControl "180+2"]
[EndTime "13:40:15 PST"]
[Termination "GrigorGrigorov won by resignation"]

1. d4 Nf6 2. Nf3 g6 3. c4 Bg7 4. g3 O-O 5. Bg2 d5 6. cxd5 Nxd5 7. O-O Nb6 8. Nc3 Nc6 9. e3 Re8 10. d5 Na5 11. Nd4 Bd7 12. Rb1 Qc8 13. b3 c5 14.
dxc6 Nxc6 15. Bb2 Nxd4 16. exd4 Bh3 17. Bxh3 Qxh3 18. Qf3 Qd7 19. Ne4 Qd5 20. Kg2 Rac8 21. Nc5 Rc7 22. a4 Rd8 23. a5 Qxf3+ 24. Kxf3 Nd7 25.
Rfc1 Nxc5 26. dxc5 Rd3+ 27. Ke2 Rxb3 28. Bxg7 Rxb1 29.
Rxb1 Kxg7 30. Kd3 Rxc5 31. Rxb7 Rxa5 32. Rxe7 Ra2 33. Ke3 h5 34. h4 a5 35. Ra7 Kf6 36.
f3 Ke6 37. g4 g5 38. gxh5 gxh4 39. h6 Rb2 40. h7 Rb8 41. Rxa5 f5 42. Ra6+ Kf7 43.
Rh6 Kg7 44. Rxh4 Rb3+ 45. Kf4 Rb4+ 46. Kg5 Rxh4 47. Kxh4 Kxh7 48. Kg5 Kg7 49. Kxf5 Kf7 50. f4 1-0

[Event "*** Titled Tuesday 3|2 Blitz"]
[Site "Chess.com"]
[Date "2017.03.07"]
[Round "3"]
[White "Hunninn"]
[Black "Cecile_Haussernot"]
[Result "1-0"]
[WhiteElo "2425"]
[BlackElo "2277"]
[TimeControl "180+2"]
[EndTime "13:40:21 PST"]
[Termination "Hunninn won by checkmate"]

1. d4 Nf6 2. Bf4 e6 3. e3 c5 4. c3 d5 5. Nf3 Nc6 6. Nbd2 Be7 7.
Bd3 O-O 8. h4 cxd4 9. exd4 Bd6 10. Ne5 Qc7 11. Ndf3 Ne4 12. Nxc6 Bxf4 13. Nce5 f6 14.
Ng4 e5 15. Ne3 exd4 16. Nxd5 Qd6 17. Bxe4 Re8 18. Qxd4 Bf5 19. Nxf4 Rxe4+ 20. Ne2 Rxd4 21. Nfxd4 Qd5 22. O-O Be4 23. Rfe1 Re8 24. Nf4 Qd6 25. g3 g5 26. hxg5 fxg5 27. Ng2 Qf6 28. Re2 Rf8 29. Rae1 Bd5 30. Ne3 Be4 31. Ng4 Qb6 32.
Rxe4 Qxb2 33. Re7 Qxc3 34. Nf5 h5 35. Ngh6+ Kh8 36. R1e3 Qa1+ 37. Kg2 h4 38. Nf7+ Kg8 39. N7h6+ Kh8 40. R3e6 h3+ 41. Kxh3 Qh1+ 42. Kg4 Qd5 43.
Re5 Qc4+ 44. Kh5 Qd3 45. Kg6 Qd8 46. Rh7# 1-0

[Event "*** Titled Tuesday 3|2 Blitz"]
[Site "Chess.com"]
[Date "2017.03.07"]
[Round "3"]
[White "SavelijTartakover"]
[Black "Anton_Demchenko"]
[Result "1-0"]
[WhiteElo "2587"]
[BlackElo "2609"]
[TimeControl "180+2"]
[EndTime "13:40:23 PST"]
[Termination "SavelijTartakover won on time"]

1. d4 Nf6 2. c4 g6 3. Nc3 Bg7 4.
e4 O-O 5. Be2 d6 6. Bg5 Na6 7.
Qd2 e5 8. d5 Qe8 9. Bd1 Nd7 10.
Nge2 f6 11. Be3 f5 12. f3 Ndc5 13. Bc2 Nb4 14. O-O-O Bd7 15. Bb1 b6 16. h4 a5 17. h5 f4 18. Bxc5 bxc5 19. hxg6 hxg6 20. a3 Na6 21. Bc2 Rb8 22. Kb1 Rb7 23. Ka1 Ra7 24. Nb5 Bxb5 25. cxb5 Qxb5 26. Nc3 Qb8 27. Ba4 c4 28. Bd7 Kf7 29. Be6+ Kf6 30. Qf2 g5 31. Rh7 Nc5 32. g3 Nd3 33. Rxd3 cxd3 34. gxf4 Rh8 35. fxg5+ Kg6 36. Bf5+ Kf7 37. g6+ Kf8 38. Qd2 Rb7 39. Nd1 Rb3 40. Ka2 a4 41. Nc3 Qa7 42. Qxd3 Qb6 43. Qc2 Qa5 44. Nxa4 Rxf3 45. Qc6 1-0

[Event "*** Titled Tuesday 3|2 Blitz"]
[Site "Chess.com"]
[Date "2017.03.07"]
[Round "3"]
[White "LawrenceTrent"]
[Black "DrVelja"]
[Result "1-0"]
[WhiteElo "2409"]
[BlackElo "2518"]
[TimeControl "180+2"]
[EndTime "13:40:23 PST"]
[Termination "LawrenceTrent won by resignation"]

1. e4 c5 2. Nf3 e6 3. d4 cxd4 4.
Nxd4 Nf6 5. Nc3 d6 6. g4 h6 7. Rg1 Nc6 8. Be3 Be7 9. Be2 Nxd4 10. Qxd4 a6 11. O-O-O e5 12. Qd2 Be6 13. f4 Rc8 14. g5 exf4 15. Bxf4 hxg5 16. Rxg5 g6 17. Bf3 Nd7 18. Rg2 Ne5 19. Bxe5 dxe5 20. Qxd8+ Rxd8 21. Nd5 Bxd5 22. exd5 Rh4 23. d6 Rxd6 24. Rxd6 Bxd6 25. Bxb7 a5 26. a3 Ke7 27. c3 e4 28. b4 axb4 29.
cxb4 Bxh2 30. a4 Bd6 31. b5 Bc7 32. Kd2 Ba5+ 33. Ke3 Bb6+ 34. Ke2 e3 35. a5 Bxa5 36. Kxe3 Bb6+ 37. Kd3 Rd4+ 38. Kc3 Ke6 39. Re2+ Kd6 40. Re8 Rh4 41. Rf8 f5 42. Rf6+ Kc7 43. Rf7+ Kd6 44.
Rf6+ Kc7 45. Rf7+ Kd6 46. Bc8 Kc5 47. Rf6 Rh3+ 48. Kc2 Kxb5 49. Rxg6 f4 50. Bxh3 Bf2 51. Bf1+ 1-0

[Event "*** Titled Tuesday 3|2 Blitz"]
[Site "Chess.com"]
[Date "2017.03.07"]
[Round "3"]
[White "igorkovalenko"]
[Black "rasmussvane"]
[Result "1-0"]
[WhiteElo "2687"]
[BlackElo "2482"]
[TimeControl "180+2"]
[EndTime "13:40:26 PST"]
[Termination "igorkovalenko won by resignation"]

1. e4 c6 2. d4 d5 3. exd5 cxd5 4.
Bd3 Nc6 5. c3 Qc7 6. Ne2 Bg4 7.
f3 Bh5 8. Bf4 Qc8 9. Na3 a6 10.
Nc2 e6 11. O-O Nf6 12. Ne3 Be7 13. a4 Bg6 14. Bxg6 hxg6 15. h3 Na5 16. Qd3 O-O 17.
Be5 Nd7 18. Kh1 Qc6 19. b4 Nc4 20. Nxc4 dxc4 21. Qe3 b5 22. a5 Rfe8 23. g3 Nf6 24. Bxf6 Bxf6 25. Rad1 Rad8 26. Qe4 Qc7 27. f4 Rd5 28.
Kg2 Qd7 29. Ng1 e5 30. fxe5 Bxe5 31. Rde1 Re6 32. dxe5 Rdxe5 33. Qa8+ Re8 34. Rd1 Qe6 35. Qf3 Re3 36. Qd5 Qxd5+ 37. Rxd5 Rxc3 38. Rd6 Rb3 39. Rxa6 Rxb4 40. Rb6 Rb2+ 41. Rf2 Rb3 42. a6 c3 43. Rc2 Ra8 44. Ne2 b4 45. Ra2 f6 46. Kf2 Kh7 47. h4 Kh6 48. g4 Ra7 49. Rb7 Ra8 50. a7 Rb2 51. Rxb2 cxb2 52. Rxb4 Rxa7 53. Rxb2 Ra4 54. Rb8 Kh7 55. Kf3 Ra3+ 56. Ke4 Rh3 57. Nf4 Rxh4 58. Kf3 Rh1 59. Ne6 Re1 60. Re8 Re5 61.
Nf8+ Kh6 62. Rxe5 fxe5 63. Ne6 Kh7 64. Ke4 Kg8 65. Kxe5 Kf7 66. g5 Kg8 67. Kd6 Kf7 68. Nf4 Kg8 69. Ke7 Kh7 70. Kf7 Kh8 71. Nxg6+ Kh7 72.
Ne7 Kh8 73. Nf5 1-0

[Event "*** Titled Tuesday 3|2 Blitz"]
[Site "Chess.com"]
[Date "2017.03.07"]
[Round "3"]
[White "Mischuk_D"]
[Black "kleinebeer98"]
[Result "0-1"]
[WhiteElo "2455"]
[BlackElo "2460"]
[TimeControl "180+2"]
[EndTime "13:40:32 PST"]
[Termination "kleinebeer98 won on time"]

1. e4 e5 2. Nf3 Nc6 3. d4 exd4 4.
Nxd4 Qf6 5. Nf3 Bb4+ 6. c3 Bc5 7. Bc4 d6 8. h3 Be6 9. Nbd2 O-O-O 10. b4 Bxb4 11.
Bxe6+ fxe6 12. cxb4 Qxa1 13. b5 Nd4 14. O-O Nxf3+ 15. Nxf3 Qxa2 16. Qd4 Nf6 17. Bb2 e5 18.
Qb4 a5 19. bxa6 Qxa6 20. Ra1 Qb6 21. Qc3 Nxe4 22. Qc2 Qxf2+ 23. Qxf2 Nxf2 24. Kxf2 Kd7 25. Ke3 h6 26. Nh4 Rhf8 27. g4 Ra8 28. Rb1 Ke6 29.
Nf5 g6 30. Nxh6 d5 31. g5 d4+ 32. Ke2 c5 33. Ng4 Rf5 34. Bc1 Rb8 35. Rb6+ Kd5 36.
Rxg6 b5 37. Nf6+ Kc4 38. Ne4 Rff8 39. Rc6 Kd5 40. Rxc5+ Kxe4 41. h4 Rh8 42. Bd2 Rxh4 43. Be1 Rh2+ 44. Kf1 Rh5 45. Bd2 b4 46. g6 b3 47. g7 b2 48. Rb5 b1=Q+ 49. Rxb1 Rxb1+ 50. Kf2 Rb8 0-1

[Event "*** Titled Tuesday 3|2 Blitz"]
[Site "Chess.com"]
[Date "2017.03.07"]
[Round "3"]
[White "Ginger_GM"]
[Black "asms9699"]
[Result "0-1"]
[WhiteElo "2487"]
[BlackElo "2456"]
[TimeControl "180+2"]
[EndTime "13:40:33 PST"]
[Termination "asms9699 won by resignation"]

1. e4 e6 2. Nf3 d5 3. e5 c5 4. b4 c4 5. c3 a5 6. b5 Nd7 7. d4 cxd3 8. Bxd3 Qc7 9. Bf4 Ne7 10.
Qe2 Ng6 11. Bg3 Be7 12. h4 h5 13. O-O b6 14. Nbd2 Bb7 15. Rac1 Nc5 16. Bb1 Qd8 17.
Bxg6 fxg6 18. Rfd1 O-O 19. c4 d4 20. Kh2 a4 21. Kh3 Rf5 22. Ne1 d3 23. Qe3 g5 24.
hxg5 Bxg5 25. f4 Be7 26. Ndf3 Qe8 27. Nxd3 Qg6 28. Nf2 Raf8 29. Rd4 h4 30. Bxh4 Bxf3 31. Qxf3 Rh5 32. g3 Bxh4 33. gxh4 Qf5+ 34. Qg4 Qf7 35. Rg1 Kh8 36. Ne4 Nxe4 37. Rxe4 Rh7 38. Rd4 Qe7 39. Rd6 Rf5 40. Rgd1 Rh6 41. Rg1 Rfh5 42.
Kg2 Rxh4 43. Qg3 Qf8 44. Rd7 Rxf4 45. Rxg7 Qxg7 46. Qxg7+ Kxg7 47. Kg3 Rg6+ 48. Kxf4 Rxg1 49. Ke4 Rd1 0-1

[Event "*** Titled Tuesday 3|2 Blitz"]
[Site "Chess.com"]
[Date "2017.03.07"]
[Round "3"]
[White "pKiLz5Rn9b"]
[Black "gkchesstiger"]
[Result "0-1"]
[WhiteElo "2541"]
[BlackElo "2680"]
[TimeControl "180+2"]
[EndTime "13:40:34 PST"]
[Termination "gkchesstiger won by resignation"]

1. e4 b6 2. d4 Bb7 3. Bd3 e6 4.
Nf3 d6 5. c4 Nd7 6. Nc3 Ne7 7.
h4 h6 8. h5 Nc6 9. Be3 Be7 10.
Qd2 e5 11. d5 Nb4 12. Be2 a5 13. g4 Nf6 14. Rg1 Nh7 15. Rb1 Na6 16. Na4 Bc8 17. a3 Bd7 18. Bd1 Nf6 19. Nc3 Nxg4 20. b4 Nxe3 21.
Qxe3 Bf6 22. Be2 Nb8 23. Kd2 Kf8 24. Rbc1 Be8 25. Bd1 Be7 26. Bc2 Nd7 27. Ba4 Nf6 28.
Bxe8 Qxe8 29. Rh1 Qd7 30. Rcg1 Nh7 31. Kc2 Bg5 32. Qe2 Ke7 33. Ne1 Rhc8 34. Nd3 Kf8 35. Rb1 Nf6 36. b5 Qg4 37. f3 Qd7 38. Rbg1 Nh7 39.
Qf2 Kg8 40. Rh2 Kh8 41. Rhg2 f5 42. Qe2 Rf8 43. Kb3 Rf7 44. exf5 Qxf5 45. Rf1 Nf6 46. Rh2 Raf8 47. Rhh1 Bf4 48. Ne4 Nxh5 49. Qg2 Be3 50. Rh4 Nf6 51. Ndf2 Bxf2 52. Nxf2 a4+ 53. Kc3 e4 54.
fxe4 Qe5+ 55. Kc2 Nh7 56. Nd3 Qd4 57. Rxf7 Qxc4+ 58. Kd2 Qa2+ 59. Kc3 Qxg2 60. Rxf8+ Nxf8 61. Rf4 Ng6 62. Rf7 Qxe4 63. Rxc7 Qxd5 64. Kb4 0-1

[Event "*** Titled Tuesday 3|2 Blitz"]
[Site "Chess.com"]
[Date "2017.03.07"]
[Round "3"]
[White "Smirnov_Pavel"]
[Black "Malev212"]
[Result "1-0"]
[WhiteElo "2657"]
[BlackElo "2464"]
[TimeControl "180+2"]
[EndTime "13:40:35 PST"]
[Termination "Smirnov_Pavel won by resignation"]

1. d4 Nf6 2. c4 e6 3. Nf3 Bb4+ 4.
Nbd2 O-O 5. a3 Be7 6. e4 d6 7. Be2 Nbd7 8. Qc2 e5 9. Nb1 c6 10. Nc3 a6 11. O-O Qc7 12. Rd1 Re8 13. h3 Nf8 14.
Be3 Ng6 15. Rac1 h6 16. b4 Bf8 17. Bf1 Bd7 18. c5 exd4 19. Bxd4 Nh7 20. Na4 dxc5 21.
Nxc5 Bc8 22. Bb2 Ng5 23. Nxg5 hxg5 24. Qd3 g4 25. hxg4 Bxg4 26. f3 Rad8 27. Qe3 Bc8 28. Rxd8 Rxd8 29. e5 Qe7 30. Bc4 b6 31. Nb3 Nh4 32.
Nd4 Nf5 33. Nxf5 Bxf5 34. e6 Bxe6 35. Bxe6 fxe6 36. Qe4 c5 37. bxc5 bxc5 38. Re1 Rd6 39. Be5 Rd5 40. Bc3 Rd6 41. Rb1 Rd5 42. Kf2 Qd7 43. Rb6 Rd6 44. Rb8 Qf7 45. Qe5 Rd5 46. Qe4 Rf5 47. a4 Kh7 48. Rb6 Qg6 49. Rxe6 1-0